 Dungeon Crawl Stone Soup version 0.28.0-45-g0d030f2227 (webtiles) character file.

Game seed: 14615418738451082538

74316 sking99 the Black Belt (level 13, -3/119 (124) HPs)
             Began as a White Draconian Transmuter on May 20, 2022.
             Was the Champion of Ru.
             Slain by a two-headed ogre
             ... wielding a +0 giant club
              (20 damage)
             ... on level 2 of the Orcish Mines.
             The game lasted 00:59:41 (35466 turns).

sking99 the Black Belt (DrTm)                      Turns: 35466, Time: 00:59:41

HP:   -3/119 (124)  AC:  9    Str: 13    XL:     13   Next: 6%
MP:   16/16         EV: 17    Int: 13    God:    Ru [******]
Gold: 2197          SH:  0    Dex: 23    Spells: 7/17 levels left

rFire   . . .      SeeInvis .     - Unarmed
rCold   + . .      Faith    .   (shield unavailable)
rNeg    . . .      Spirit   .   (armour unavailable)
rPois   .          Reflect  .   (helmet currently unavailable)
rElec   .          Harm     .   k - +0 cloak
rCorr   .          Rampage  .   (no gloves)
Will    .....                   (boots currently unavailable)
Stlth   ++........              b - amulet of magic regeneration
HPRegen 0.29/turn               (ring unavailable)
MPRegen 0.55/turn               M - +6 ring of dexterity

@: lethally poisoned (-3 -> -4), exhausted, appendages (expiring), lightly
drained, unable to read
A: horns 2, breathe frost, AC +8, unfitting armour, cold resistance 1,
cold-blooded, inability to read while threatened, missing a hand, reduced EV 1,
inexperienced 1, talons 1
a: Breathe Frost, End Transformation, Renounce Religion, Draw Out Power, Power
Leap, Apocalypse


You were on level 2 of the Orcish Mines.
You worshipped Ru.
Ru was exalted by your worship.
You had temporarily grown beastly horns.
You visited 3 branches of the dungeon, and saw 20 of its levels.
You visited the Abyss 1 time.
You also visited: Ice Cave and Volcano.

You collected 2197 gold pieces.

Inventory:

Missiles
 q - 4 throwing nets
Armour
 k - a +0 cloak (worn)
 w - a +0 pair of boots (melded)
 O - a +2 hat (melded)
Magical Staves
 a - a staff of cold
Jewellery
 b - an amulet of magic regeneration (around neck)
 d - a ring of positive energy
 e - the ring of Cumm {Will+ Stlth+}
   (You acquired it on level 8 of the Dungeon)

   [ring of willpower]

   Will:      It increases your willpower.
   Stlth:     It makes you more stealthy.
 f - a ring of poison resistance
 j - a ring of wizardry
 v - a ring of protection from fire
 D - a +6 ring of intelligence
 M - a +6 ring of dexterity (right hand)
 N - a ring of magical power
Wands
 r - a wand of charming (4)
 y - a wand of acid (12)
 E - a wand of polymorph (7)
 F - a wand of iceblast (5)
 I - a wand of paralysis (5)
 J - a wand of flame (11)
Scrolls
 h - 3 scrolls of amnesia
 i - 6 scrolls of fog
 l - 3 scrolls of silence
 m - 3 scrolls of enchant armour
 o - 7 scrolls of fear
 p - 10 scrolls of teleportation
 s - 5 scrolls of identify
 x - 3 scrolls of enchant weapon
 L - a scroll of brand weapon {unknown}
Potions
 c - 2 potions of might
 g - 3 potions of attraction
 n - 4 potions of brilliance
 t - 3 potions of lignification
 u - a potion of ambrosia {unknown}
 z - 2 potions of resistance
 A - 2 potions of flight
 B - 5 potions of mutation
 C - 2 potions of heal wounds
 G - 3 potions of curing
 H - 2 potions of degeneration {unknown}
 K - 2 potions of invisibility {unknown}


   Skills:
 + Level 14.3 Fighting
 + Level 11.8 Dodging
 * Level 18.4 Unarmed Combat
 - Level 2.5 Spellcasting
 - Level 7.0 Transmutations
 - Level 4.0 Ice Magic
 - Level 3.0 Poison Magic
 - Level 2.1 Invocations


You had 7 spell levels left.
You knew the following spells:

 Your Spells              Type           Power      Damage    Failure   Level
a - Beastly Appendage     Tmut           38%        N/A       1%          1
b - Wereblood             Tmut           19%        N/A       1%          2
c - Ice Form              Ice/Tmut       15%        N/A       26%         4
d - Spider Form           Tmut/Pois      14%        N/A       10%         3

Your spell library contained the following spells:

 Spells                   Type           Power      Damage    Failure   Level
 Passwall                 Tmut/Erth      8%         N/A       9%          2
 Ensorcelled Hibernation  Hex/Ice        12%        N/A       16%         2
 Ignite Poison            Fire/Tmut/Pois 10%        N/A       19%         3
 Poisonous Vapours        Pois/Air       10%        N/A       21%         2
 Magic Dart               Conj           4%         1d3       24%         1
 Summon Small Mammal      Summ           4%         N/A       24%         1
 Call Imp                 Summ           1%         N/A       36%         2
 Corpse Rot               Necr/Air       2%         N/A       36%         2
 Static Discharge         Conj/Air       1%         N/A       36%         2
 Mephitic Cloud           Conj/Pois/Air  4%         N/A       43%         3
 Olgreb's Toxic Radiance  Pois           9%         N/A       56%         4
 Call Canine Familiar     Summ           1%         N/A       58%         3
 Conjure Flame            Conj/Fire      1%         6-21      58%         3
 Portal Projectile        Hex/Tloc       2%         N/A       58%         3
 Summon Guardian Golem    Hex/Summ       1%         N/A       58%         3
 Swiftness                Air            1%         N/A       58%         3
 Tukima's Dance           Hex            1%         N/A       58%         3
 Yara's Violent Unravell  Hex/Tmut       5%         3d4       85%         5
 Animate Dead             Necr           0%         N/A       94%         4
 Dispel Undead            Necr           1%         3d6       94%         4
 Leda's Liquefaction      Hex/Erth       0%         N/A       94%         4
 Passage of Golubria      Tloc           1%         N/A       94%         4
 Sticky Flame             Conj/Fire      1%         2d3       94%         4
 Freezing Cloud           Conj/Ice/Air   2%         6-21      98%         5
 Borgnjor's Vile Clutch   Necr/Erth      0%         N/A       100%        5
 Silence                  Hex/Air        0%         N/A       100%        5
 Conjure Ball Lightning   Conj/Air       0%         3x3d6     100%        6
 Death Channel            Necr           0%         N/A       100%        6
 Orb of Destruction       Conj           0%         9d5       100%        7
 Ozocubu's Refrigeration  Ice            6%         4d6       100%        7
 Spellforged Servitor     Conj/Summ      0%         N/A       100%        7
 Discord                  Hex            0%         N/A       100%        8
 Disjunction              Tloc           0%         N/A       100%        8
 Ignition                 Fire           0%         3d3       100%        8
 Lehudib's Crystal Spear  Conj/Erth      0%         10d2      100%        8


Dungeon Overview and Level Annotations

Branches:
Dungeon (12/15)            Temple (0/1) D:6            Lair (6/6) D:9
 Shoals (0/4) Lair:2        Snake (0/4) Lair:2        Slime (0/5) Lair:5
    Orc (2/2) D:11            Elf (0/3) Orc:2         IceCv (visited)
Volcano (visited)

Altars:
Elyvilon
Fedhas
Okawaru
Ru
Trog
Wu Jian
Zin
The Shining One
Beogh
Jiyva

Shops:
D:9 (

Annotations:
D:8 2 transporters, Discosetron's ghost, amateur DjCj
Orc:2 1 runed translucent door, gon's ghost, journeyman DECj


Innate Abilities, Weirdness & Mutations

You have temporarily grown beastly horns.
You can breathe waves of freezing cold which knock back foes.
Your icy white scales are hard. (AC +8)
You cannot fit into any form of body armour.
Your flesh is cold resistant. (rC+)
You are cold-blooded and may be slowed by cold attacks.
You sometimes lose the ability to read scrolls when taking damage.
You are missing a hand.
You have somewhat slow reflexes. (EV -5)
You are somewhat inexperienced. (-2 XL)
You have sharp toenails.


Message History

You feel drained.
You feel sick.
The two-headed ogre hits you with a +0 giant club!!
The two-headed ogre misses you.
You punch the two-headed ogre! You claw the two-headed ogre.
You headbutt the two-headed ogre, but do no damage.
The two-headed ogre is almost dead.
You feel sick.
The two-headed ogre completely misses you.
The two-headed ogre hits you with a +0 giant club!
* * * LOW HITPOINT WARNING * * *
You hit the two-headed ogre but do no damage.
Your kick misses the two-headed ogre. You headbutt the two-headed ogre!
The two-headed ogre is almost dead.
You feel sick.
You hit the two-headed ogre.
You kill the two-headed ogre!
Your transformation is almost over.
You feel sick.
You hit the ogre.
You kill the ogre!
You feel sick.
You start resting.
You feel sick. x2
A two-headed ogre is nearby!
You hit the two-headed ogre but do no damage.
You claw the two-headed ogre.
Your headbutt misses the two-headed ogre.
The two-headed ogre is lightly wounded.
The two-headed ogre closely misses you.
The two-headed ogre hits you with a +0 giant club.
* * * LOW HITPOINT WARNING * * *
You barely miss the two-headed ogre. You claw the two-headed ogre.
You headbutt the two-headed ogre, but do no damage.
You tail-slap the two-headed ogre.
The two-headed ogre is lightly wounded.
You feel sick.
You punch the two-headed ogre! You claw the two-headed ogre.
The two-headed ogre is heavily wounded.
You feel sick.
The two-headed ogre hits you with a +0 giant club!!
You die...

#..# ... #...###..###.
#....O...... #..........
#O...#.... ##......#.
###......... ####
####.....O.....
##..###@#)...........
##....#.)O).#.........
####.....#..).##............
#PW#.........##.............
#8[+...#.#.#####............
#P:#..###### #............
####### ##...........
##........... ##............


You could see a two-headed ogre.

Vanquished Creatures
  Jorgrun (Orc:2)
  An azure jelly (IceCv)
  A quicksilver ooze (IceCv)
  Snorg (Orc:2)
  An ettin (Orc:2)
  Harold (D:8)
  A fire dragon (Lair:6)
  Josephine (D:10)
  2 boulder beetles
  9 hydras
  Erica (D:8)
  A catoblepas (Lair:6)
  A dancing weapon (Volcano)
  3 ogre magi (Orc:2)
  A centaur warrior (D:10)
  6 two-headed ogres (Orc:2)
  3 death yaks (Lair:6)
  Sonja (Lair:1)
  A swamp dragon (Lair:6)
  Pikel (D:7)
  5 wizards (Volcano)
  A lindwurm (Lair:6)
  A large abomination (Abyss:2)
  3 manticores
  A human skeleton (Abyss:2)
  An ugly thing (D:10)
  5 black mambas
  12 elephants
  Maurice (D:8)
  5 toenail golems (Volcano)
  A rust devil (Abyss:2)
  2 ice statues (IceCv)
  11 cane toads
  An efreet (D:10)
  7 rime drakes
  13 komodo dragons
  A yaktaur (D:10)
  2 entropy weaver simulacra (IceCv)
  3 trolls
  3 polar bears (Lair:6)
  Grinder (D:5)
  6 dream sheep (Lair:6)
  3 raiju (Abyss:2)
  19 slime creatures (IceCv)
  29 blink frogs
  A flying skull (Abyss:2)
  2 wyverns
  22 yaks
  5 basilisks
  A shadow (D:9)
  2 humans (D:7)
  5 wraiths
  4 fire bats (D:10)
  Menkaure (D:6)
  4 steam dragons
  2 demonic crawler simulacra (IceCv)
  3 wargs (Orc:2)
  A hell hound (D:10)
  3 swamp worms (Lair:2)
  3 acid dragons
  12 water moccasins
  12 orc warriors
  3 black bears
  A swamp drake (Lair:6)
  3 ice beasts
  7 ugly thing simulacra (IceCv)
  A necrophage (D:5)
  15 ogres
  18 wolves
  7 centaurs
  A lemure (D:7)
  2 small abominations (Abyss:2)
  3 kobold brigands
  11 bullfrogs
  A gnoll sergeant (D:9)
  2 glowing shapeshifter simulacra (IceCv)
  3 scorpions
  9 wights
  5 howler monkeys
  An electric eel (Lair:6)
  2 lava snakes (D:10)
  2 bullfrog zombies
  2 centaur zombies (D:10)
  Crazy Yiuf (D:7)
  12 orc priests
  2 gnoll shamans
  2 hounds
  A jelly (D:6)
  Jessica (D:3)
  18 orc wizards
  8 iguanas
  2 killer bee zombies
  2 howler monkey zombies (D:8)
  13 gnolls
  A howler monkey skeleton (D:7)
  5 adders
  3 white imps (D:5)
  2 ufetubi
  3 worms (D:2)
  2 dart slugs
  47 orcs
  6 ball pythons
  6 bats
  4 endoplasms
  7 goblins
  6 hobgoblins
  6 jackals
  4 quokkas
  8 frilled lizards
  16 kobolds
  5 rats
  A fire vortex (D:10)
551 creatures vanquished.

Vanquished Creatures (others)
  A centaur zombie (D:11)
  A yak (Lair:2)
  An ogre (Orc:2)
  2 fire vortices (D:10)
  32 fungi
  108 plants
145 creatures vanquished.

Grand Total: 696 creatures vanquished

Notes
Turn   | Place    | Note
-------+----------+-------------------------------------------
     0 | D:1      | sking99 the Draconian Transmuter began the quest for the
                  | Orb.
     0 | D:1      | Reached XP level 1. HP: 16/16 MP: 3/3
    95 | D:1      | Reached XP level 2. HP: 13/23 MP: 3/5
   949 | D:2      | Found a white marble altar of Elyvilon.
   961 | D:2      | Became a worshipper of Elyvilon the Healer
   995 | D:2      | Reached XP level 3. HP: 25/29 MP: 4/6
  1556 | D:2      | Learned a level 2 spell: Wereblood
  1560 | D:2      | Learned a level 3 spell: Spider Form
  1892 | D:3      | Reached * piety under Elyvilon
  1953 | D:3      | Noticed Jessica
  1965 | D:3      | Killed Jessica
  1966 | D:3      | Reached skill level 1 in Invocations
  1966 | D:3      | Reached XP level 4. HP: 22/36 MP: 7/7
  2182 | D:3      | Found a sacrificial altar of Ru.
  2220 | D:3      | Fell from the grace of Elyvilon
  2220 | D:3      | Became a worshipper of Ru the Awakened
  2442 | D:3      | Reached skill level 1 in Poison Magic
  2558 | D:3      | Reached XP level 5. HP: 37/41 MP: 6/8
  3977 | D:4      | Reached XP level 6. HP: 36/48 MP: 7/9
  4093 | D:4      | Gained mutation: You sometimes lose the ability to read
                  | scrolls when taking damage. [Ru sacrifice]
  4093 | D:4      | Reached * piety under Ru
  4342 | D:4      | Reached skill level 5 in Transmutations
  4697 | D:4      | Reached skill level 4 in Unarmed Combat
  4697 | D:4      | Your scales start taking on an icy white colour.
  4697 | D:4      | Reached XP level 7. HP: 55/55 MP: 10/10
  4697 | D:4      | Gained mutation: Your flesh is cold resistant. (rC+) [White
                  | Draconian growth]
  4958 | D:5      | Entered Level 5 of the Dungeon
  5372 | D:5      | Reached skill level 5 in Unarmed Combat
  6057 | D:5      | Noticed Grinder
  6076 | D:5      | Killed Grinder
  6077 | D:5      | Reached skill level 6 in Unarmed Combat
  6077 | D:5      | Reached XP level 8. HP: 52/66 MP: 11/11
  6595 | D:6      | Found a staircase to the Ecumenical Temple.
  7035 | D:6      | Noticed Menkaure
  7042 | D:6      | Killed Menkaure
  7285 | D:6      | Reached skill level 7 in Unarmed Combat
  7332 | D:6      | Found a blossoming altar of Fedhas.
  7482 | D:6      | Reached skill level 5 in Fighting
  7617 | D:6      | Gained mutation: You are somewhat inexperienced. (-2 XL)
                  | [Ru sacrifice]
  7617 | D:6      | Reached XP level 7. HP: 61/61 MP: 10/10
  7617 | D:6      | Reached XP level 6. HP: 56/56 MP: 9/9
  7617 | D:6      | Reached ** piety under Ru
  7617 | D:6      | Reached *** piety under Ru
  7925 | D:7      | Noticed Pikel
  7938 | D:7      | Killed Pikel
  7939 | D:7      | Reached skill level 5 in Dodging
  7939 | D:7      | Reached skill level 8 in Unarmed Combat
  7939 | D:7      | Reached XP level 7. HP: 36/61 MP: 10/10
  9184 | D:7      | Found an iron altar of Okawaru.
  9583 | D:7      | Reached skill level 9 in Unarmed Combat
  9722 | D:7      | Learned a level 4 spell: Ice Form
  9759 | D:7      | Found a runed translucent door.
  9760 | D:7      | Noticed Crazy Yiuf
 10287 | D:7      | Killed Crazy Yiuf
 10402 | D:8      | Found a transporter.
 10409 | D:8      | Noticed Discosetron's ghost (amateur DjCj)
 10411 | D:8      | Found a transporter.
 10418 | D:8      | Noticed a centaur warrior
 10418 | D:8      | Noticed a centaur warrior
 10421 | D:8      | Noticed Harold
 10713 | D:8      | Killed Harold
 10889 | D:8      | Reached XP level 8. HP: 73/73 MP: 11/11
 10978 | D:8      | Reached skill level 1 in Ice Magic
 11403 | D:8      | Noticed Maurice
 11583 | D:8      | Killed Maurice
 11633 | D:8      | Found a bloodstained altar of Trog.
 11635 | D:8      | Found an ornate altar of the Wu Jian Council.
 11686 | D:8      | Noticed Erica
 11702 | D:8      | HP: 1/73 [Erica/bolt of poison (37)]
 11703 | D:8      | Killed Erica
 11970 | D:8      | Identified a scroll of acquirement
 11970 | D:8      | Acquired the ring of Cumm {Will+ Stlth+}
 12626 | D:9      | Gained mutation: You are missing a hand. [Ru sacrifice]
 12626 | D:9      | Reached **** piety under Ru
 12626 | D:9      | Reached ***** piety under Ru
 12638 | D:9      | Found Aseugrapn's Weapon Shop.
 12851 | D:9      | Found a glowing silver altar of Zin.
 13225 | D:9      | Found a staircase to the Lair.
 13532 | D:9      | Found a glowing golden altar of the Shining One.
 13999 | D:10     | Entered Level 10 of the Dungeon
 14151 | D:10     | Reached skill level 10 in Unarmed Combat
 14152 | D:10     | Noticed Josephine
 14165 | D:10     | Killed Josephine
 14166 | D:10     | Reached XP level 9. HP: 39/79 MP: 12/12
 14753 | D:10     | Noticed a cyan ugly thing
 14758 | D:10     | Killed a cyan ugly thing
 14759 | D:10     | Reached skill level 11 in Unarmed Combat
 14834 | D:10     | Noticed a centaur warrior
 14842 | D:10     | Killed a centaur warrior
 15716 | D:10     | Identified the +8 dagger of the Gnat {pain, Will+}
 16337 | Lair:1   | Entered Level 1 of the Lair of Beasts
 16407 | Lair:1   | Noticed Sonja
 16416 | Lair:1   | Killed Sonja
 16417 | Lair:1   | Reached skill level 12 in Unarmed Combat
 16667 | Lair:1   | Gained mutation: You have somewhat slow reflexes. (EV -5)
                  | [Ru sacrifice]
 16667 | Lair:1   | Reached ****** piety under Ru
 16747 | Lair:1   | Noticed a four-headed hydra
 16762 | Lair:1   | Killed a four-headed hydra
 16920 | Lair:1   | Noticed a four-headed hydra
 16939 | Lair:1   | Killed a four-headed hydra
 17160 | Lair:1   | Reached skill level 13 in Unarmed Combat
 17166 | Lair:1   | Reached XP level 10. HP: 86/90 MP: 10/13
 17256 | Lair:1   | Noticed a seven-headed hydra
 17270 | Lair:1   | Killed a seven-headed hydra
 17271 | Lair:1   | Reached skill level 10 in Fighting
 18402 | Lair:2   | Found a staircase to the Snake Pit.
 18425 | Lair:2   | Found a dark tunnel.
 18434 | Volcano  | Entered a volcano
 18613 | Volcano  | Cast into level 2 of the Abyss (a wizard)
 18643 | Abyss:2  | Noticed a great orb of eyes
 18904 | Abyss:2  | Found a corrupted altar of Lugonu.
 18914 | Abyss:2  | Found a corrupted altar of Lugonu.
 18935 | Abyss:2  | Noticed a dread lich
 18937 | Volcano  | Escaped the Abyss
 19172 | Volcano  | Reached skill level 14 in Unarmed Combat
 19492 | Volcano  | Identified the +1 scale mail of the Meadowlark {rC- Regen+
                  | Int+4 Slay-4}
 19851 | Lair:2   | Found a staircase to the Shoals.
 21589 | Lair:3   | Noticed a six-headed hydra
 21596 | Lair:3   | Killed a six-headed hydra
 21775 | Lair:3   | Reached XP level 11. HP: 102/102 MP: 11/14
 21967 | Lair:3   | Reached skill level 15 in Unarmed Combat
 24593 | Lair:5   | Found a staircase to the Slime Pits.
 24593 | Lair:5   | Found a viscous altar of Jiyva.
 24802 | Lair:5   | Reached skill level 10 in Dodging
 25658 | Lair:6   | Entered Level 6 of the Lair of Beasts
 25746 | Lair:6   | Reached skill level 16 in Unarmed Combat
 25765 | Lair:6   | Found a frozen archway.
 25799 | IceCv    | Entered an ice cave
 27146 | IceCv    | Noticed a quicksilver ooze
 27155 | IceCv    | Killed a quicksilver ooze
 27250 | IceCv    | Found a viscous altar of Jiyva.
 27250 | IceCv    | Noticed an azure jelly
 27262 | IceCv    | Killed an azure jelly
 27263 | IceCv    | Reached XP level 12. HP: 29/104 MP: 6/15
 28694 | Lair:6   | Reached skill level 17 in Unarmed Combat
 29678 | Lair:6   | Gained mutation: You have sharp toenails. [mutagenic glow]
 31121 | Lair:6   | Identified the +8 rapier "Liha Vau" {holy, rCorr Str+6
                  | Dex-4}
 31837 | D:11     | You fall into a shaft and drop 1 floor!
 32761 | D:11     | Found a staircase to the Orcish Mines.
 33126 | Orc:1    | Entered Level 1 of the Orcish Mines
 33874 | Orc:2    | Entered Level 2 of the Orcish Mines
 33880 | Orc:2    | Noticed Jorgrun
 33962 | Orc:2    | Killed Jorgrun
 33963 | Orc:2    | Reached skill level 18 in Unarmed Combat
 34312 | Orc:2    | Noticed Snorg
 34335 | Orc:2    | Killed Snorg
 34746 | Orc:2    | Found a staircase to the Elven Halls.
 35084 | Orc:2    | Reached XP level 13. HP: 73/124 MP: 13/16
 35308 | Orc:2    | Learned a level 1 spell: Beastly Appendage
 35428 | Orc:2    | Found a runed translucent door.
 35429 | Orc:2    | Noticed gon's ghost (journeyman DECj)
 35449 | Orc:2    | Paralysed by an ogre mage for 3 turns
 35466 | Orc:2    | Slain by a two-headed ogre

Illustrated notes

Levels and vault maps discovered:
D:1:      amcnicky_arrival_double_pillar, layout_rooms
D:2:      layout_basic, basic_altar, minmay_lizard_pond
D:3:      layout_basic, mainiacjoe_overflow_surrounded_room, uniq_jessica
D:4:      layout_loops_cross, kennysheep_another_room,
          nicolae_elevator_lobby_asterisk
D:5:      layout_gridville, uniq_grinder
D:6:      layout_loops_corners, fedhas_altar_fruit_tree,
          minmay_temple_entry_hall, uniq_menkaure
D:7:      layout_basic, okawaru_humans, uniq_pikel, uniq_crazy_yiuf_cottage
D:8:      layout_loops_ring, minitemple, nzn_ghost_randoct, uniq_erica,
          uniq_maurice, uniq_harold
D:9:      layout_gridville, general_overflow_altar, lemuel_crystal_altar,
          grunt_lair_entry_orc_guard_hut, serial_shops, shop
D:10:     minmay_chambers_of_sixes, layout_basic, hangedman_incinerator,
          uniq_josephine
D:11:     layout_long_grid, orc_0_dummy, nicolae_wand_duel
D:12:     layout_gridville, uniq_gastronok
Lair:1:   layout_small_grid, lemuel_fruit_fields, uniq_sonja
Lair:2:   layout_cave_pods, elwin_shoals_entry_rocks, dummy_snake_entry,
          enter_volcano_1, worms_lemuel, grunt_megastairs_2
Lair:3:   layout_gridlike, chequers_serial_rivers_room_b
Lair:4:   layout_regular_city, serial_forest, infiniplex_forest_pool,
          infiniplex_forest_corner_1, infiniplex_forest_clump_large,
          infiniplex_forest_clump_diagonal, infiniplex_forest_end_2,
          infiniplex_forest_lined_3_way, infiniplex_forest_corner_2,
          infiniplex_forest_lined_2, beast_lair_carwin_5
Lair:5:   layout_loops_ring, slime_altar_1, minmay_hedge_maze
Lair:6:   hangedman_lair_in_review, layout_layer_cave, guppyfry_lair_end_dragon,
          portal_ice_cave_entry_pillars_2, hangedman_lair_unloving_vines,
          gammafunk_lair_bear_cave
Orc:1:    nicolae_orc_accident_2, layout_caves
Orc:2:    st_orc_ogre_mass, layout_caves, gammafunk_ghost_grave, uniq_nessos,
          uniq_jorgrun, uniq_snorg

Skill      XL: |  1  2  3  4  5  6  7  8  9 10 11 12 |
---------------+-------------------------------------+-----
Dodging        | 2 5 6 8 9 10 11 | 11.8
Fighting       | 2 7 5 9 11 12 14 | 14.3
Invocations    | 1 2 |  2.1
Poison Magic   | 1 2 3 |  3.0
Transmutations | 3 5 7 |  7.0
Unarmed Combat | 8 9 10 13 14 16 18 | 18.4
Ice Magic      | 4 |  4.0
Spellcasting   | |  2.5

Action                   |  1- 3 |  4- 6 |  7- 9 | 10-12 | 13-15 || total
-------------------------+-------+-------+-------+-------+-------++-------
Melee: Unarmed           |   123 |   158 |   600 |   884 |    27 ||  1792
       Headbutt          |     9 |    23 |     6 |       |     5 ||    43
       Tailslap          |    12 |    20 |     7 |     6 |     9 ||    54
       Punch             |     2 |     3 |       |       |       ||     5
       Kick              |    18 |    36 |    11 |       |    10 ||    75
       Staff             |       |       |     4 |    30 |       ||    34
 Cast: Beastly Appendage |    17 |    24 |     3 |       |     1 ||    45
       Spider Form       |       |     1 |    53 |       |       ||    54
       Ice Form          |       |       |    29 |   107 |     2 ||   138
       Wereblood         |       |       |     6 |    11 |       ||    17
Invok: Sacrifice Words   |       |     1 |       |       |       ||     1
       Sacrifice Experie |       |     1 |       |       |       ||     1
       Draw Out Power    |       |       |     3 |     6 |     1 ||    10
       Sacrifice a Hand  |       |       |     1 |       |       ||     1
       Apocalypse        |       |       |     1 |     4 |       ||     5
       Sacrifice Health  |       |       |     1 |       |       ||     1
 Abil: Breathe Frost     |       |       |     2 |     2 |       ||     4
       End Transformatio |       |       |       |     1 |       ||     1
  Use: Scroll            |       |     4 |    18 |     6 |       ||    28
       Potion            |       |       |     1 |     4 |       ||     5
 Stab: Distracted        |       |       |     3 |     4 |       ||     7
       Invisible         |       |       |     4 |    12 |       ||    16
       Sleeping          |       |       |     1 |     2 |       ||     3
       Paralysed         |       |       |     4 |    12 |       ||    16
Armor: Skin              |    31 |    23 |    69 |   157 |       ||   280
Dodge: Dodged            |    69 |    89 |   368 |   299 |    11 ||   836
